 Dungeon Crawl Stone Soup version 0.29-a0-275-g389c0b56f3 (webtiles) character file.

Game seed: 15744120096828346050

6 horus123 the Conjurer (level 1, 0/10 HPs)
             Began as a Deep Elf Conjurer on Mar 12, 2022.
             Slain by a kobold
             ... wielding a +0 dagger
              (3 damage)
             ... on level 1 of the Dungeon.
             The game lasted 00:00:25 (106 turns).

horus123 the Conjurer (Deep Elf Conjurer)            Turns: 106, Time: 00:00:25

Health: 0/10       AC:  2    Str:  4    XL:     1   Next: 75%
Magic:  2/7        EV: 12    Int: 22    God:
Gold:   0          SH:  0    Dex: 13    Spells: 6/7 levels left

rFire   . . .      SeeInvis .   (no weapon)
rCold   + . .      Faith    .   (no shield)
rNeg    . . .      Spirit   .   a - +0 robe
rPois   .          Reflect  .   (no helmet)
rElec   .          Harm     .   (no cloak)
rCorr   .          Rampage  .   (no gloves)
Will    .....                   (no boots)
Stlth   ++........              (no amulet)
HPRegen 0.03/turn               c - ring of protection from cold
MPRegen 0.10/turn               (no ring)

@: no status effects
A: no striking features
a: no special abilities


You were on level 1 of the Dungeon.
You visited 1 branch of the dungeon, and saw 1 of its levels.

Inventory:

Armour
 a - a +0 robe (worn)
Jewellery
 c - a ring of protection from cold (left hand)
Potions
 b - a potion of magic


   Skills:
 - Level 2.4 Dodging
 - Level 2.4 Stealth
 + Level 3.7 Spellcasting
 - Level 4.3 Conjurations


You had 6 spell levels left.
You knew the following spells:

 Your Spells              Type           Power      Damage    Failure   Level
a - Magic Dart            Conj           92%        1d7       1%          1

Your spell library contained the following spells:

 Spells                   Type           Power      Damage    Failure   Level
 Searing Ray              Conj           46%        2d6       3%          2
 Dazzling Flash           Conj/Hex       26%        N/A       14%         3
 Fulminant Prism          Conj/Hex       6%         3d7       43%         4
 Iskenderun's Mystic Bla  Conj/Tloc      13%        2d5       43%         4


Dungeon Overview and Level Annotations

Branches:
Dungeon (1/15)

Altars:


Message History

The jackal bites you.
The jackal bites you but does no damage.
The jackal attacks as you move away! The jackal closely misses you.
The jackal misses you. The jackal attacks as you move away!
The jackal bites you but does no damage. x2
The jackal attacks as you move away! The jackal misses you.
The jackal attacks as you move away! The jackal barely misses you.
The jackal closely misses you. The jackal closely misses you.
The jackal misses you.
Casting: Magic Dart (safe; 1% risk of failure)
Confirm with . or Enter, or press ? or * to list all spells.
Okay, then.
Aiming: Magic Dart (safe; 1% risk of failure)
Press: ? - help, Q - select action Shift-Dir - straight line, f - jackal
Aim: a jackal (100% to hit)
The magic dart hits the jackal.
The jackal is lightly wounded.
The jackal bites you.
Aiming: Magic Dart (safe; 1% risk of failure)
Press: ? - help, Q - select action Shift-Dir - straight line, f/p - jackal
Aim: a jackal (lightly wounded, 100% to hit)
The magic dart hits the jackal.
You kill the jackal!
Unknown command.
The kobold barely misses you. The kobold hits you with a +0 dagger.
The kobold barely misses you. The kobold attacks as you move away!
The kobold barely misses you. The kobold misses you.
The kobold attacks as you move away! The kobold closely misses you.
The kobold attacks as you move away! The kobold misses you.
The kobold attacks as you move away! The kobold closely misses you.
A rat comes into view.
The kobold attacks as you move away! The kobold closely misses you.
The kobold attacks as you move away! The kobold hits you with a +0 dagger.
* * * LOW HITPOINT WARNING * * *
The kobold attacks as you move away! The kobold hits you with a +0 dagger.
You die...

... K# .#..# .#.. ..
.#(####.# .
#.###.##...#..... #. r...
...#.#..#.# .
#.###.###.##....#.# .
.............#..#.# .
##.###.###.##..#.#####.
#.#####....####...#.......
#........@K...........†...
#######.##.######.#......#
#..#........#......#
##.##########....... #.#
#....... #.# #....... #.#
#.###### #.# ...# #.#
#####


You could see a kobold.

Vanquished Creatures
  A ball python (D:1)
  3 jackals (D:1)
  A frilled lizard (D:1)
5 creatures vanquished.

Notes
Turn   | Place    | Note
-------+----------+-------------------------------------------
     0 | D:1      | horus123 the Deep Elf Conjurer began the quest for the Orb.
     0 | D:1      | Reached XP level 1. HP: 10/10 MP: 6/6
   106 | D:1      | Slain by a kobold

Illustrated notes

Levels and vault maps discovered:
D:1:      saegor_arrival_simple_a, layout_basic, interstate_on_off,
          nicolae_concentric_dashed_squares_wild, minmay_misc_feat_tower

Action                   || total
-------------------------++-------
 Cast: Magic Dart        ||    11
Armor: Robe              ||     3
Dodge: Dodged            ||    18

Table legend: (Time is in decaauts)
 A = Elapsed time spent in this place.
 B = Non-inter-level travel time spent in this place.
 C = Inter-level travel time spent in this place.
 D = Time resting spent in this place.
 E = Time spent auto-exploring this place.
 F = Levels seen in this place.
 G = Mean time per level.
                   A        B        C        D        E       F      G
               +--------+--------+--------+--------+--------+-----+--------+
         Total |    105 |    105 |      0 |      0 |     54 |   1 |  105.0 |
       Dungeon |    105 |    105 |      0 |      0 |     54 |   1 |  105.0 |
               +--------+--------+--------+--------+--------+-----+--------+

Top non-repeatable levels by time:
     D:1: 105 daAuts
